 Dungeon Crawl Stone Soup version 0.32-a0-422-g28b100f618 (webtiles) character file.

Game seed: 17553202979205136688

11 Bravepunisher the Changeling (level 2, -1/14 HPs)
             Began as a Spriggan Shapeshifter on Feb 21, 2024.
             Succumbed to a scorpion's poison
             ... on level 4 of the Dungeon.
             The game lasted 00:01:05 (163 turns).

Bravepunisher the Changeling (Spriggan Shapeshifter) Turns: 163, Time: 00:01:05

Health: -1/14      AC:  2    Str: 10    XL:     2   Next: 13%
Magic:  3/3        EV: 17    Int: 11    God:
Gold:   18         SH:  0    Dex: 14    Spells: 1/1 levels left

rFire   . .          .
                       - Unarmed
rCold   + . .        (no shield)
rNeg    . . .        a - +0 animal skin
rPois   .            (helmet currently unavailable)
rElec   .            (cloak currently unavailable)
rCorr   .            (gloves unavailable)
SInv    +            (boots unavailable)
Will    .....        (no amulet)
Stlth   +            f - ring of protection from cold
HPRegen 0.22/turn    (no ring)
MPRegen 0.08/turn

%: no passive effects
@: lethally poisoned (-1 -> -11), beast-form, very quick
A: beast (slay +2), very small, no large weapons, unfitting armour, see
invisible, speed 3
a: Begin Untransformation


You were on level 4 of the Dungeon.
You were a hulking beast.
You visited 1 branch of the dungeon, and saw 4 of its levels.

You collected 18 gold pieces.

Inventory:

Armour
 a - a +0 animal skin (worn)
Jewellery
 f - a ring of protection from cold (left hand)
Talismans
 c - a beast talisman (active)
 d - a flux talisman
Wands
 e - a wand of digging (4)
Potions
 b - a potion of lignification


   Skills:
 + Level 1.0 Fighting
 + Level 3.0 Dodging
 - Level 2.4 Unarmed Combat
 * Level 4.4 Shapeshifting


You had one spell level left.
You didn't know any spells.
Your spell library was empty.

Dungeon Overview and Level Annotations

Branches:
Dungeon (4/15)
 Temple: D:4-7

Altars:
Yredelemnul


Innate Abilities, Weirdness & Mutations

You are a hulking beast.
Your limbs bulge with bestial killing power. (Slay +2)
You are very small and have problems with some larger weapons.
You are too small for most types of armour.
You have supernaturally acute eyesight. (SInv)
You cover ground extremely quickly. (Speed+++)


Message History

f - a ring of protection from cold
f - a ring of protection from cold (left hand)
There is a stone staircase leading down here.
You climb downwards.
You hear the sound of rushing water.
There is an entrance to a sewer on this level.
Hurry and find it before the portal rusts away!
There is a stone staircase leading up here.
Found a robe.
A ball python comes into view.
A rat comes into view.
Found a dagger.
The rat squeaks loudly.
The ball python hisses angrily.
Found a basalt altar of Yredelemnul.
Found a stone staircase leading down.
Found a scroll labelled FOEL NUN PENK.
A hobgoblin comes into view.
The hobgoblin shouts!
You hear an angry hiss.
There is a stone staircase leading down here.
You climb downwards.
The kobold shouts!
There is a stone staircase leading up here.
An endoplasm comes into view.
The endoplasm quivers.
A scorpion comes into view.
A kobold comes into view. It is wielding a +0 short sword.
Found a metallic golden potion.
The kobold shouts!
The kobold moves out of view.
The scorpion barely misses you. The kobold hits you but does no damage.
The scorpion stings you!
Ouch! That really hurt!
You hit the kobold.
You kill the kobold!
The scorpion stings you!
Ouch! That really hurt!
* * * LOW HITPOINT WARNING * * *
You are lethally poisoned!
The scorpion poisons you!
You die...

#### ##..# #...#
#...# #...# #...# #.
#.h.# #.. #.! ##...#
##... #..#)Ks.#
#....
#.......#####...#
##......J#.....#
#.......J....#
#.........^.## ..
##........<## #...
#..####.....###....#


You could see a scorpion, 2 endoplasms and a kobold.

Vanquished Creatures
  An endoplasm (D:1)
  A goblin (D:1)
  2 bats (D:1)
  A frilled lizard (D:2)
  A kobold (D:4)
  A rat (D:1)
7 creatures vanquished.

Notes
Turn   | Place    | Note
-------+----------+-------------------------------------------
     0 | D:1      | Bravepunisher the Spriggan Shapeshifter began the quest for
                  | the Orb.
     0 | D:1      | Reached XP level 1. HP: 9/9 MP: 2/2
    27 | D:1      | Reached skill level 1 in Fighting
    62 | D:1      | Reached XP level 2. HP: 14/14 MP: 3/3
   137 | D:3      | Found a basalt altar of Yredelemnul.
   153 | D:4      | Noticed a scorpion
   163 | D:4      | Succumbed to a scorpion's poison

Illustrated notes

Levels and vault maps discovered:
D:1:      minmay_arrival_cross, layout_loops_ring
D:2:      layout_loops_ring, uniq_crazy_yiuf_cottage
D:3:      layout_loops_ring, mainiacjoe_overflow_brackets,
          mainiacjoe_overflow_big_doors, gup_sewer_entry_bowl,
          shapermc_ecumenical_altar_ellora
D:4:      layout_layer_cave, uniq_menkaure

Skill      XL: |  1 |
---------------+----+-----
Fighting       | 1 |  1.0
Dodging        | 3 |  3.0
Unarmed Combat | |  2.4
Shapeshifting  | |  4.4

Action                     || total
---------------------------++-------
  Melee: Unarmed           ||    15
 Armour: Animal skin       ||     5
  Dodge: Dodged            ||    13

Table legend: (Time is in decaauts)
 A = Elapsed time spent in this place.
 B = Non-inter-level travel time spent in this place.
 C = Inter-level travel time spent in this place.
 D = Time resting spent in this place.
 E = Time spent auto-exploring this place.
 F = Levels seen in this place.
 G = Mean time per level.
                   A        B        C        D        E       F      G
               +--------+--------+--------+--------+--------+-----+--------+
         Total |    112 |    112 |      0 |      0 |     40 |   4 |   28.0 |
       Dungeon |    112 |    112 |      0 |      0 |     40 |   4 |   28.0 |
               +--------+--------+--------+--------+--------+-----+--------+

Top non-repeatable levels by time:
     D:1: 61 daAuts
     D:2: 22 daAuts
     D:3: 18 daAuts
     D:4: 10 daAuts
